 Dungeon Crawl Stone Soup version 0.27-a0-1416-g941b2bd30b (webtiles) character file.

Game seed: 3467179467567190362

1204 pyrow613 the Slasher (level 8, 0/64 HPs)
             Began as a Human Fighter on July 1, 2021.
             Slain by a gnoll (2 damage)
             ... on level 4 of the Dungeon.
             The game lasted 00:08:19 (5318 turns).

pyrow613 the Slasher (Human Fighter)                Turns: 5318, Time: 00:08:20

Health: 0/64       AC:  7    Str: 15 (18) XL:     8   Next: 73%
Magic:  8/8        EV:  9    Int:  7 (8)  God:
Gold:   101        SH:  0    Dex: 13 (14) Spells: 7/7 levels left

rFire    + . .     SeeInvis .   a - +0 long sword
rCold    . . .     Faith    .   (no shield)
rNeg     . . .     Spirit   .   b - +0 scale mail
rPois    .         Reflect  .   (no helmet)
rElec    .         Harm     .   (no cloak)
rCorr    .         Rampage  .   g - +0 pair of gloves
Will     .....                  (no boots)
Stlth    ..........             (no amulet)
HPRegen  0.20/turn              m - ring of protection from fire
MPRegen  0.11/turn              d - ring of flight

@: flying
A: no striking features
a: no special abilities


You were on level 4 of the Dungeon.
You visited 1 branch of the dungeon, and saw 5 of its levels.

You collected 178 gold pieces.
You spent 77 gold pieces at shops.

Inventory:

Hand Weapons
 a - a +0 long sword (weapon)
Missiles
 q - 4 atropa-tipped darts (quivered)
Armour
 b - a +0 scale mail (worn)
 c - a +0 kite shield
 g - a +0 pair of gloves (worn)
Jewellery
 d - a ring of flight (right hand)
 m - a ring of protection from fire (left hand)
Scrolls
 f - 2 scrolls of summoning {unknown}
 i - 2 scrolls of vulnerability {unknown}
 k - 5 scrolls of identify {unknown}
 o - 2 scrolls of amnesia {unknown}
 p - a scroll of enchant weapon {unknown}
 r - a scroll of teleportation {unknown}
 t - a scroll of blinking {unknown}
Potions
 h - a potion of resistance {unknown}
 j - 4 potions of curing
 l - 2 potions of haste {unknown}
 n - 3 potions of ambrosia {unknown}
 s - a potion of might


   Skills:
 + Level 5.7 Fighting
 * Level 7.2 Long Blades
 - Level 3.0 Armour
 + Level 5.7 Shields


You had 7 spell levels left.
You didn't know any spells.
Your spell library contained the following spells:

 Spells                   Type           Power      Damage    Failure   Level
 Freeze                   Ice            0%         1d3       87%         1
 Dazzling Flash           Conj/Hex       0%         N/A       99%         3
 Frozen Ramparts          Ice            0%         1d2       99%         3
 Hailstorm                Conj/Ice       0%         3d3       100%        4
 Agony                    Necr           0%         N/A       100%        5
 Silence                  Hex/Air        0%         N/A       100%        5


Dungeon Overview and Level Annotations

Branches:
Dungeon (5/15)
 Temple: D:4-7

Altars:
Ashenzari
Elyvilon
Kikubaaqudgha
Ru
Yredelemnul

Shops:
D:2 !   D:3 ?*([!


Message History

You are too injured to fight recklessly!
You are too injured to fight recklessly!
You barely miss the gnoll. The iguana closely misses you.
You riposte.
You slash the iguana!
The iguana is almost dead.
The gnoll hits you with a +0 club.
You hit the iguana but do no damage.
The iguana is almost dead.
The iguana barely misses you.
You riposte.
You hit the iguana but do no damage.
The iguana is almost dead.
The gnoll hits you with a +0 club.
You barely miss the iguana.
The iguana is almost dead.
The iguana bites you. The gnoll hits you with a +0 club.
You hit the iguana.
The iguana is almost dead.
The iguana bites you!
* * * LOW HITPOINT WARNING * * *
The gnoll barely misses you.
You completely miss the iguana.
The iguana is almost dead.
The iguana barely misses you. The gnoll barely misses you.
You riposte.
You barely miss the gnoll.
Unknown command.
Okay, then.
Okay, then.
You hit the iguana.
You kill the iguana!
The gnoll closely misses you.
You hit the gnoll.
The gnoll is heavily wounded.
The gnoll hits you with a +0 club.
* * * LOW HITPOINT WARNING * * *
The gnoll hits you with a +0 whip.
* * * LOW HITPOINT WARNING * * *
It was a potion of degeneration.
There was something very wrong with that liquid.
You feel weakened.
You feel dopey.
You feel clumsy. The gnoll hits you with a +0 club.
You die...

###### ##...# ...#.#
##...#
###.####################
.........##....g@g.....#
............##########.#
###.####.#..###### #.####
#)# #..........### #....#
#.###...#.####...###....#
#.#........###)#.....#..#
##.#....<..........#.....#
#..#........###.#.....#..#
#.####...#.(............##


You could see 2 gnolls.

Vanquished Creatures
  Pikel (D:4)
  Grinder (D:3)
  Sigmund (D:4)
  A necrophage (D:4)
  A centaur (D:3)
  A lemure (D:4)
  A scorpion (D:4)
  An iguana (D:4)
  8 adders
  A gnoll (D:4)
  2 dart slugs
  An orc (D:3)
  7 ball pythons
  3 bats
  10 endoplasms
  7 giant cockroaches
  8 goblins
  5 hobgoblins
  6 jackals
  5 kobolds
  5 quokkas
  A frilled lizard (D:1)
  4 rats
81 creatures vanquished.

Vanquished Creatures (others)
  A plant (D:3)
1 creature vanquished.

Grand Total: 82 creatures vanquished

Notes
Turn   | Place    | Note
-------+----------+-------------------------------------------
     0 | D:1      | pyrow613 the Human Fighter began the quest for the Orb.
     0 | D:1      | Reached XP level 1. HP: 18/18 MP: 1/1
    95 | D:1      | Reached XP level 2. HP: 17/24 MP: 2/2
   778 | D:1      | Reached XP level 3. HP: 29/29 MP: 3/3
  1469 | D:2      | Reached skill level 3 in Long Blades
  1544 | D:2      | Reached XP level 4. HP: 23/35 MP: 4/4
  2238 | D:2      | Found Afuschor's Distillery.
  2248 | D:2      | Bought a potion of curing for 33 gold pieces
  2248 | D:2      | Bought a potion of might for 44 gold pieces
  2560 | D:2      | Found a faded altar of an unknown god.
  2612 | D:3      | Reached XP level 5. HP: 40/42 MP: 5/5
  2700 | D:3      | Found Ipturph's Distillery.
  2906 | D:3      | Noticed Grinder
  2928 | D:3      | Killed Grinder
  2929 | D:3      | Reached skill level 4 in Long Blades
  2929 | D:3      | Reached XP level 6. HP: 35/48 MP: 6/6
  3029 | D:3      | Found Kumeruodgh's Magic Scroll Emporium.
  3085 | D:3      | Found Paliota's General Store.
  3126 | D:3      | Reached skill level 5 in Long Blades
  3126 | D:3      | Reached XP level 7. HP: 47/55 MP: 7/7
  3242 | D:3      | Found Uwedeor's Antique Weapon Shoppe.
  3293 | D:3      | Found Rautsam's Antique Armour Shoppe.
  3962 | D:4      | Noticed Pikel
  3995 | D:4      | Killed Pikel
  3996 | D:4      | Reached skill level 5 in Fighting
  3996 | D:4      | Reached skill level 6 in Long Blades
  3996 | D:4      | Reached skill level 5 in Shields
  3996 | D:4      | Reached XP level 8. HP: 17/62 MP: 8/8
  4568 | D:4      | Found a broken altar of Ashenzari.
  4572 | D:4      | Noticed Sigmund
  4600 | D:4      | Killed Sigmund
  5030 | D:4      | Found a white marble altar of Elyvilon.
  5030 | D:4      | Found an ancient bone altar of Kikubaaqudgha.
  5030 | D:4      | Found a basalt altar of Yredelemnul.
  5030 | D:4      | Found a sacrificial altar of Ru.
  5042 | D:4      | Reached skill level 7 in Long Blades
  5297 | D:5      | Entered Level 5 of the Dungeon
  5317 | D:4      | HP: 2/64 [gnoll (5)]
  5318 | D:4      | Slain by a gnoll

Illustrated notes

Levels and vault maps discovered:
D:1:      dpeg_arrival_signposts, layout_loops_ring, chequers_arboretum
D:2:      layout_rooms, serial_shops, nicolae_square_shop,
          shapermc_ecumenical_altar_hornbeckon
D:3:      layout_loops_cross, serial_co_window_serial, co_window_paths_b,
          co_window_of_opportunity_a, co_window_corner_a, co_window_paths_a,
          co_window_corner_a, co_window_cross_4, co_window_corner_ca,
          co_window_corner_b, co_window_cross_3, co_window_cross_4,
          co_window_corner_ca, co_window_corner_ca, glass_columns_a,
          glass_columns_a, glass_columns_a, glass_columns_a, glass_columns_a,
          serial_shops, nicolae_shop_overgrown_old_shop, shop, shop_fountains,
          nicolae_shop_behind_doors, nicolae_square_shop, uniq_grinder
D:4:      layout_loops_ring, grunt_temple_overflow_open, minmay_misc_feat_five,
          uniq_sigmund, uniq_pikel
D:5:      cheibrodos_thug_alley, layout_basic, lemuel_crystal_altar,
          serial_shops, nicolae_shop_statue_plus, kennysheep_mini_moat,
          kennysheep_mini, nicolae_shop_temple_entry_statues_fountains,
          nicolae_stop_n_shop_1, uniq_duvessa

Skill      XL: |  1  2  3  4  5  6  7  8 |
---------------+-------------------------+-----
Long Blades    | 3 4 5 6 7 |  7.2
Fighting       | 4 5 |  5.7
Shields        | 4 5 |  5.7
Armour         | |  3.0

Action                   |  1- 3 |  4- 6 |  7- 9 || total
-------------------------+-------+-------+-------++-------
Melee: Long sword        |    95 |    89 |    90 ||   274
Throw: Dart              |       |       |     3 ||     3
  Use: Potion            |       |     1 |     2 ||     3
 Stab: Invisible         |       |       |     1 ||     1
Armor: Scale mail        |    54 |    60 |    35 ||   149
Dodge: Dodged            |    35 |    42 |    47 ||   124
Block: Kite shield       |    47 |    27 |       ||    74
       Rpst.: Long sword |     8 |    11 |    15 ||    34

Table legend: (Time is in decaauts)
 A = Elapsed time spent in this place.
 B = Non-inter-level travel time spent in this place.
 C = Inter-level travel time spent in this place.
 D = Time resting spent in this place.
 E = Time spent auto-exploring this place.
 F = Levels seen in this place.
 G = Mean time per level.
                   A        B        C        D        E       F      G
               +--------+--------+--------+--------+--------+-----+--------+
         Total |   5410 |   5266 |    144 |   1452 |   3113 |   5 | 1082.0 |
       Dungeon |   5410 |   5266 |    144 |   1452 |   3113 |   5 | 1082.0 |
               +--------+--------+--------+--------+--------+-----+--------+

Top non-repeatable levels by time:
     D:1: 1491 daAuts
     D:4: 1389 daAuts
     D:3: 1344 daAuts
     D:2: 1178 daAuts
     D:5: 6 daAuts
